 Dungeon Crawl Stone Soup version 0.21.0 (webtiles) character file.

38 tidbits the Charmwright (level 3, 0/28 HPs)
             Began as a Barachi Skald on Jan 6, 2018.
             Succumbed to an adder's poison
             ... on level 2 of the Dungeon.
             The game lasted 00:04:01 (330 turns).

tidbits the Charmwright (Barachi Skald)              Turns: 330, Time: 00:04:01

Health: 0/28       AC:  4    Str: 12    XL:     3   Next: 43%
Magic:  2/7        EV: 12    Int: 14    God:
Gold:   45         SH:  0    Dex: 11    Spells: 0/8 levels left

rFire    . . .     SeeInvis .   a - +0 falchion
rCold    . . .     Gourm    .   (no shield)
rNeg     . . .     Faith    .   b - +0 leather armour
rPois    .         Spirit   .   (no helmet)
rElec    .         Reflect  .   f - +0 cloak
rCorr    .         Harm     .   (no gloves)
MR       .....                  (no boots)
Stlth    +.........             (no amulet)
HPRegen  0.09/turn              (no ring)
MPRegen  0.10/turn              (no ring)

@: lethally poisoned (0 -> -3), very slightly contaminated, invisible, slow
A: +LOS, swims, slowness 1, strong legs 1
a: Hop


You were on level 2 of the Dungeon.
You were not hungry.

You visited 1 branch of the dungeon, and saw 2 of its levels.

You collected 45 gold pieces.

Inventory:

Hand Weapons
 a - a +0 falchion (weapon)
Missiles
 e - 57 arrows
Armour
 b - a +0 leather armour (worn)
 f - a +0 cloak (worn)
Books
 c - a book of Battle

   Spells                             Type                      Level
   a - Infusion                       Charms                       1
   b - Shroud of Golubria             Charms/Translocation         2
   c - Song of Slaying                Charms                       2
   d - Spectral Weapon                Hexes/Charms                 3
   e - Regeneration                   Charms/Necromancy            3
Comestibles
 d - a ration


   Skills:
 - Level 2.5 Fighting
 - Level 2.4 Long Blades
 - Level 1.3 Armour
 - Level 2.2 Dodging
 - Level 3.1 Spellcasting
 + Level 4.0 Charms


You couldn't memorise any spells.
You knew the following spells:

 Your Spells              Type           Power        Failure   Level  Hunger
g - Shroud of Golubria    Chrm/Tloc      #.........   19%         2    ##.....
i - Infusion              Chrm           ##..         4%          1    #......
r - Regeneration          Chrm/Necr      #.........   34%         3    ###....
y - Song of Slaying       Chrm           ##......     8%          2    ##.....


Dungeon Overview and Level Annotations

Branches:
Dungeon (2/15)

Altars:


Innate Abilities, Weirdness & Mutations

Shadows flee at your approach. (+LOS)
You can swim through water.
You cover ground slowly.
You can hop short distances.


Message History

Casting: Regeneration
Confirm with . or Enter, or press ? or * to list all spells.
You miscast Regeneration.
You are very lightly contaminated with residual magic.
You feel a strange surge of energy!
There is a stone staircase leading down here.
You climb downwards.
Found 10 gold pieces.
There is a stone staircase leading up here.
You now have 45 gold pieces (gained 10).
A kobold comes into view. It is wielding a short sword.
The kobold shouts!
Casting: Regeneration
Confirm with . or Enter, or press ? or * to list all spells.
Your skin crawls.
The kobold throws a stone.
The stone hits you but does no damage.
An adder comes into view.
Your magical contamination has completely faded away.
Wield which item (- for none, * to show all)? (? for menu, Esc to quit)
You are already wielding that!
Your skin is crawling a little less now.
The kobold throws a stone.
The stone hits you but does no damage.
A goblin comes into view. It is wielding a dagger.
The goblin shouts!
The kobold hits you with a short sword.
You closely miss the kobold. The kobold hits you but does no damage.
You hit the kobold but do no damage.
Your skin stops crawling.
The kobold barely misses you.
You miss the kobold. The kobold barely misses you.
The kobold completely misses you.
You barely miss the kobold. The kobold hits you with a short sword.
You miss the kobold. The kobold hits you but does no damage.
You hit the kobold.
The kobold is heavily wounded.
The kobold hits you but does no damage.
You hit the kobold.
You kill the kobold!
The adder closely misses you.
Casting: Regeneration
Confirm with . or Enter, or press ? or * to list all spells.
You miscast Shroud of Golubria.
You are very lightly contaminated with residual magic.
Your hands glow momentarily.
The adder barely misses you.
You riposte.
You closely miss the adder. You hit the adder.
The adder is moderately wounded.
The adder bites you. The adder misses you.
You closely miss the adder.
The adder is moderately wounded.
The adder bites you.
You are poisoned.
The adder poisons you!
Okay, then.
You slash the adder!
The adder is almost dead.
You feel sick. The adder bites you.
* * * LOW HITPOINT WARNING * * *
The adder barely misses you.
You riposte.
You hit the adder but do no damage.
The adder is almost dead.
You barely miss the adder.
The adder is almost dead.
You feel sick. The adder bites you.
* * * LOW HITPOINT WARNING * * *
You are more poisoned.
The adder poisons you!
You hit the adder.
You kill the adder!
Your Charms skill increases to level 4!
You feel sick.
You closely miss the goblin. The goblin hits you with a dagger.
* * * LOW HITPOINT WARNING * * *
The goblin barely misses you.
You closely miss the goblin.
* * * LOW HITPOINT WARNING * * *
You feel sick. The goblin barely misses you.
It was a potion of invisibility.
You fade into invisibility!
* * * LOW HITPOINT WARNING * * *
You feel sick. The goblin closely misses you.
You barely miss the goblin. The goblin hits you but does no damage.
You miss the goblin.
* * * LOW HITPOINT WARNING * * *
You feel sick. The goblin misses you.
You closely miss the goblin.
* * * LOW HITPOINT WARNING * * *
You feel sick. The goblin barely misses you.
You riposte.
You hit the goblin.
You kill the goblin!
Items here: )) †† a dagger; a short sword; a goblin corpse; a kobold corpse
* * * LOW HITPOINT WARNING * * *
You feel sick.
You see here a stone.
* * * LOW HITPOINT WARNING * * *
You feel sick.
You aren't carrying any potions.
Unknown command.
Okay, then.
Unknown command.
You die...

### ##.####
##.....
##.....##
.......
#.....
#.... #
#.#.#.#####
#..@......#
##.##.###.#
#.# # #.#
#.#
#.####(##
#....)..#
######<##
###


There were no monsters in sight!

Vanquished Creatures
  An adder (D:2)
  2 leopard geckos (D:1)
  3 bats
  4 goblins
  4 hobgoblins (D:1)
  6 jackals (D:1)
  A kobold (D:2)
  2 rats (D:1)
23 creatures vanquished.

Notes
Turn   | Place    | Note
-------+----------+-------------------------------------------
     0 | D:1      | tidbits the Barachi Skald began the quest for the Orb.
     0 | D:1      | Reached XP level 1. HP: 17/17 MP: 3/3
   111 | D:1      | Reached XP level 2. HP: 23/23 MP: 1/5
   119 | D:1      | Learned a level 2 spell: Song of Slaying
   122 | D:1      | Learned a level 2 spell: Shroud of Golubria
   178 | D:1      | Reached skill level 3 in Spellcasting
   211 | D:1      | Reached XP level 3. HP: 8/28 MP: 1/7
   218 | D:1      | Learned a level 3 spell: Regeneration
   317 | D:2      | Reached skill level 4 in Charms
   323 | D:2      | HP: 2/28 [poisoned by an adder]
   330 | D:2      | Succumbed to an adder's poison

Skill      XL: |  1  2  3 |
---------------+----------+-----
Spellcasting   | 3 |  3.1
Charms         | 4 |  4.0
Fighting       | |  2.5
Long Blades    | |  2.4
Armour         | |  1.3
Dodging        | |  2.2

Action                   || total
-------------------------++-------
Melee: Falchion          ||    53
       Unarmed           ||    18
 Cast: Infusion          ||     5
       Regeneration      ||     2
 Abil: Hop               ||     1
  Use: Potion            ||     2
Armor: Leather armour    ||    19
       Skin              ||    30
Dodge: Dodged            ||    51
       Rpst.: Falchion   ||    16

Table legend:
 A = Turns spent in this place as a percentage of turns spent in the entire game.
 B = Non-inter-level travel turns spent in this place as a percentage of non-inter-level travel turns spent in the entire game.
 C = Inter-level travel turns spent in this place as a percentage of turns spent in this place.
 D = Turns resting spent in this place as a percentage of non-inter-level travel turns spent in this place.
 E = Turns spent auto-exploring this place as a percentage of non-inter-level travel turns spent in this place.
 F = Non-inter-level travel turns spent in this place divided by the number of levels of this place that you've seen.
                   A       B       C       D       E      F
               +-------+-------+-------+-------+-------+----------------------
         Total | 100.0 | 100.0 |   0.0 |   0.0 |   0.0 | 165.0
       Dungeon | 100.0 | 100.0 |   0.0 |   0.0 |   0.0 | 165.0
               +-------+-------+-------+-------+-------+----------------------

Table legend:
 A = Kills in this place as a percentage of kills in entire the game.
 B = Kills by you in this place as a percentage of kills by you in the entire game.
 C = Kills by friends in this place as a percentage of kills by friends in the entire game.
 D = Other kills in this place as a percentage of other kills in the entire game.
 E = Experience gained in this place as a percentage of experience gained in the entire game.
 F = Experience gained in this place divided by the number of levels of this place that you have seen.
                   A       B       C       D       E      F
               +-------+-------+-------+-------+-------+----------------------
         Total | 100.0 | 100.0 |   N/A |   N/A | 100.0 |  27.5
       Dungeon | 100.0 | 100.0 |   N/A |   N/A | 100.0 |  27.5
               +-------+-------+-------+-------+-------+----------------------

Vault maps used:
D:1:      dpeg_arrival_three_same_balls
D:2:      first_ration
